AoeStats
← Alex Armoa

Arena

505008309Analyzed
3v3 RM · 25d ago on Sep 7, 2026· 68m 13s· 6 players
Game mode
Random Map
Map size
Normal (6 player)
Population
200
Speed
Normal
Resources
Standard
Victory
Conquest
Starting age
Dark Age
Ending age
Imperial Age
RankedLock teamsTeams togetherTeam positionsShared explorationLock speedFull tech treeHidden civsTurbo modeCheats
Victory
Defeat
🇵🇾 Khitans · Paraguay
988
+14
🇨🇳 Huns · China
887
+18
🇨🇳 Magyars · China
879
+20
🇺🇸 Britons · United States
969
-29
🇦🇷 Ethiopians · Argentina
931
-17
🇹🇷 Cumans · Türkiye
929
-17
Hz.Jesus
11:17 Feudal Age
18:22 Castle Age
17:51 Double-Bit Axe
19:42 Stone Mining
20:27 Bloodlines
21:21 Forging
23:55 Wheelbarrow
23:08 Horse Collar
31:20 Imperial Age
29:29 Steppe Husbandry
31:11 Hand Cart
31:16 Scale Barding Armor
31:47 Iron Casting
31:41 Bow Saw
32:53 Heavy Plow
33:23 Chain Barding Armor
36:01 Gold Mining
36:18 Elite Steppe Lancer
37:53 Gold Shaft Mining
39:10 Blast Furnace
38:46 Plate Barding Armor
39:33 Conscription
40:23 Fletching
40:34 Padded Archer Armor
42:44 Two-Man Saw
42:19 Bodkin Arrow
42:39 Leather Archer Armor
43:20 Thumb Ring
43:42 Parthian Tactics
45:45 Chemistry
45:05 Ballistics
46:11 Light Cavalry
48:19 Ring Archer Armor
63:56 Hussar
66:34 Masonry
HotDiggityDoge
10:27 Feudal Age
11:24 Double-Bit Axe
11:28 Horse Collar
19:39 Castle Age
17:46 Fletching
18:04 Padded Archer Armor
20:28 Wheelbarrow
20:00 Crossbowman
21:28 Bow Saw
21:21 Heavy Plow
21:20 Bodkin Arrow
24:30 Ballistics
24:56 Masonry
25:50 Leather Archer Armor
26:08 Hand Cart
25:42 Loom
28:03 Town Watch
29:28 Gold Mining
32:02 Murder Holes
32:28 Stone Mining
37:51 Forging
37:52 Pikeman
39:23 Scale Mail Armor
39:59 Iron Casting
43:26 Chain Mail Armor
GORGORY
5:14 Loom
5:30 Loom
8:54 Feudal Age
9:20 Double-Bit Axe
9:16 Horse Collar
13:20 Wheelbarrow
17:07 Castle Age
15:52 Stone Mining
17:02 Gold Mining
22:23 Fervor
22:34 Sanctity
24:11 Town Watch
25:26 Heavy Plow
25:45 Bow Saw
26:31 Forging
26:59 Squires
26:45 Arson
28:01 Ballistics
27:37 Murder Holes
28:02 Scale Mail Armor
28:27 Royal Heirs
29:51 Hand Cart
33:20 Imperial Age
33:08 Gold Shaft Mining
33:10 Stone Shaft Mining
33:14 Chain Mail Armor
33:34 Iron Casting
34:46 Conscription
33:56 Elite Skirmisher
34:43 Thumb Ring
34:38 Fletching
34:48 Padded Archer Armor
35:32 Town Patrol
35:23 Capped Ram
35:40 Elite Shotel Warrior
35:46 Elite Shotel Warrior
38:32 Bodkin Arrow
38:52 Leather Archer Armor
38:02 Siege Ram
38:07 Halberdier
44:43 Torsion Engines
45:53 Iron Casting
45:48 Plate Mail Armor
49:47 Blast Furnace
48:48 Bracer
49:18 Ring Archer Armor
50:14 Two-Man Saw
51:51 Ring Archer Armor
51:21 Bracer
SCON
10:36 Feudal Age
16:54 Castle Age
15:32 Double-Bit Axe
15:30 Horse Collar
18:39 Gold Mining
22:57 Wheelbarrow
22:17 Loom
24:16 Bow Saw
25:25 Gold Shaft Mining
24:42 Stone Mining
25:17 Heavy Plow
31:35 Imperial Age
31:08 Thumb Ring
30:56 Fletching
31:06 Padded Archer Armor
31:30 Ballistics
31:56 Bodkin Arrow
33:31 Two-Man Saw
33:05 Crop Rotation
32:53 Leather Archer Armor
32:44 Scale Barding Armor
32:42 Husbandry
32:53 Bloodlines
32:06 Light Cavalry
33:14 Parthian Tactics
34:28 Heavy Cavalry Archer
35:36 Bracer
38:09 Ring Archer Armor
37:58 Murder Holes
39:54 Chain Barding Armor
41:30 Hussar
45:32 Elite Skirmisher
53:47 Plate Barding Armor
大象钻树林
10:10 Feudal Age
14:31 Castle Age
12:26 Double-Bit Axe
22:48 Bow Saw
22:31 Horse Collar
23:47 Wheelbarrow
24:09 Heavy Plow
26:57 Stone Mining
26:59 Gold Mining
27:56 Hand Cart
29:36 Gold Shaft Mining
29:17 Forging
29:13 Scale Barding Armor
32:21 Imperial Age
30:07 Masonry
31:13 Husbandry
31:24 Bloodlines
31:16 Marauders
34:25 Two-Man Saw
33:56 Chain Barding Armor
34:12 Iron Casting
32:59 Elite Tarkan
34:01 Conscription
35:19 Plate Barding Armor
38:28 Blast Furnace
42:21 Chemistry
44:00 Light Cavalry
52:52 Loom
52:39 Sappers
Alex Armoa
15:52 Feudal Age
17:19 Double-Bit Axe
20:11 Castle Age
18:47 Domestication
20:48 Forging
20:44 Scale Barding Armor
21:51 Bow Saw
23:51 Pastoralism
26:13 Chain Barding Armor
26:50 Iron Casting
26:02 Light Cavalry
27:06 Husbandry
29:29 Wheelbarrow
28:53 Loom
28:54 Town Watch
28:55 Man-at-Arms
30:38 Hand Cart
32:59 Squires
32:45 Arson
33:54 Scale Mail Armor
37:49 Chain Mail Armor
41:46 Pikeman
42:48 Gambesons
46:30 Fletching
46:40 Padded Archer Armor
46:42 Gold Mining
46:43 Stone Mining
46:31 Heavy Cavalry Archer
47:18 Thumb Ring
49:45 Imperial Age
47:11 Bodkin Arrow
47:39 Ballistics
48:31 Leather Archer Armor
49:51 Stone Shaft Mining
51:51 Hussar
53:07 Plate Barding Armor
52:35 Bracer
53:05 Ring Archer Armor
54:41 Conscription
54:28 Ordo Cavalry
56:36 Elite Liao Dao
58:18 Guilds
59:59 Plate Mail Armor
59:41 Lamellar Armor
Connection lost

Rejoining the realm…

Still unreachable

The connection could not be restored.

Session expired

The server has moved on; the page needs a fresh start.